 Dungeon Crawl Stone Soup version 0.29-a0-1047-g7c58e119a4 (webtiles) character file.

Game seed: 17984338441804607664

66 ytrimaz the Insei (level 3, -2/26 HPs)
             Began as a Demonspawn Transmuter on Aug 17, 2022.
             Constricted to death by Natasha (6 damage)
             ... on level 2 of the Dungeon.
             The game lasted 00:01:29 (1924 turns).

ytrimaz the Insei (Demonspawn Transmuter)           Turns: 1924, Time: 00:01:29

Health: -2/26      AC:  3    Str: 10    XL:     3   Next: 96%
Magic:  3/6        EV:  9    Int: 16    God:
Gold:   90         SH:  0    Dex: 13    Spells: 3/6 levels left

rFire   . . .      SeeInvis .     - Unarmed
rCold   . . .      Faith    .   (no shield)
rNeg    . . .      Spirit   .   f - +0 leather armour
rPois   .          Reflect  .   (helmet currently unavailable)
rElec   .          Harm     .   (no cloak)
rCorr   .          Rampage  .   (no gloves)
Will    .....                   (boots currently unavailable)
Stlth   +.........              (no amulet)
HPRegen 0.08/turn               (no ring)
MPRegen 0.10/turn               (no ring)

@: appendages, wereblooded, grasped by roots, constricted
A: horns 2, talons 2, powered by death 1, sturdy frame 1
a: End Transformation


You were on level 2 of the Dungeon.
You had temporarily grown beastly horns and talons.
You visited 1 branch of the dungeon, and saw 2 of its levels.

You collected 90 gold pieces.

Inventory:

Armour
 f - a +0 leather armour (worn)
Scrolls
 c - a scroll of fear {unknown}
 e - a scroll of immolation {unknown}
Potions
 d - a potion of brilliance {unknown}


   Skills:
 - Level 1.0 Fighting
 + Level 2.3 Dodging
 + Level 3.9 Unarmed Combat
 - Level 2.2 Spellcasting
 - Level 2.0 Transmutations


You had 3 spell levels left.
You knew the following spells:

 Your Spells              Type           Power      Damage    Failure   Level
a - Beastly Appendage     Tmut           16%        N/A       10%         1
b - Wereblood             Tmut           8%         N/A       14%         2

Your spell library contained the following spells:

 Spells                   Type           Power      Damage    Failure   Level
 Spider Form              Tmut/Pois      4%         N/A       41%         3
 Ice Form                 Ice/Tmut       4%         N/A       82%         4


Dungeon Overview and Level Annotations

Branches:
Dungeon (2/15)

Altars:

Annotations:
D:2 Natasha


Innate Abilities, Weirdness & Mutations

You have temporarily grown beastly horns and talons.
You regenerate a little health from kills.
Your movements are slightly less encumbered by armour. (ER -2)


Message History

You feel less wooden.
Your +0 leather armour unmelds from your body.
You start waiting.
Natasha, Servant of Life and Death comes into view.
She is carrying a wand of roots (8).
Natasha moves out of view.
Natasha mumbles some strange words.
You feel disoriented.
Natasha is nearby!
You grow a pair of large bovine horns.
Your feet morph into talons.
Natasha zaps a wand.
The roots erupt in riotous growth!
The grasping roots grab you! The grasping roots constrict you.
You hear an angry hiss.
You hear a shout! x2
You escape the roots grasp.
Natasha mumbles some strange words.
An adder comes into view.
Found an escape hatch in the ceiling.
The adder hisses angrily.
Natasha casts a spell.
The adder moves out of view.
The iron imp hits you!
Natasha casts a spell.
Unknown command.
You hit the iron imp but do no damage.
Natasha zaps a wand.
The roots erupt in riotous growth!
The iron imp is unaffected.
The grasping roots grab you! The grasping roots constrict you.
The iron imp barely misses you.
You hear a shout!
Casting: Beastly Appendage (safe; 10% risk of failure)
Confirm with . or Enter, or press ? or * to list all spells.
Your blood is infused with primal strength.
The grasping roots constrict you.
* * * LOW HITPOINT WARNING * * *
The iron imp hits you.
* * * LOW HITPOINT WARNING * * *
You hit the iron imp. You claw the iron imp.
You headbutt the iron imp, but do no damage.
The iron imp is moderately wounded.
The adder closely misses you. The grasping roots constrict you.
You die...

........ ##......
#....... ...# .
............... . .
#5#.... .......#..
#.#h#...###...##.#..
#.#5#.#)............
#.#@#.#†###...##.#..
#..S....†...........
#................#
#.#....##........###
#.#....##.#.#......#
..#..#########...#.#
.. #..# ###...#<#
.<. #..# #.....#..
+.. #..+ ###..###.


You could see an iron imp (summoned), Natasha, a crimson imp (summoned) and an
adder.

Vanquished Creatures
  Natasha (D:2)
  An adder (D:2)
  A dart slug (D:1)
  2 ball pythons
  4 bats (D:1)
  2 endoplasms
  A goblin (D:1)
  4 hobgoblins (D:1)
  2 quokkas (D:2)
  A frilled lizard (D:2)
  5 kobolds
  5 rats
29 creatures vanquished.

Vanquished Creatures (others)
  3 demonic plants (D:2)
  2 withered plants (D:2)
5 creatures vanquished.

Grand Total: 34 creatures vanquished

Notes
Turn   | Place    | Note
-------+----------+-------------------------------------------
     0 | D:1      | ytrimaz the Demonspawn Transmuter began the quest for the
                  | Orb.
     0 | D:1      | Reached XP level 1. HP: 15/15 MP: 3/3
   357 | D:1      | Gained mutation: Your movements are slightly less
                  | encumbered by armour. (ER -2) [demonic ancestry]
   357 | D:1      | Reached XP level 2. HP: 21/21 MP: 3/5
   506 | D:1      | Reached skill level 3 in Unarmed Combat
  1498 | D:1      | Learned a level 2 spell: Wereblood
  1833 | D:2      | Gained mutation: You regenerate a little health from kills.
                  | [demonic ancestry]
  1833 | D:2      | Reached XP level 3. HP: 26/26 MP: 4/6
  1835 | D:2      | Noticed Natasha
  1852 | D:2      | Killed Natasha
  1916 | D:2      | Noticed Natasha
  1924 | D:2      | Constricted to death by Natasha

Illustrated notes

Levels and vault maps discovered:
D:1:      nzn_arrival_water_spiral, layout_loops_corners,
          dreamdust_wishing_well, hangedman_decor_points,
          minmay_misc_feat_columns, grunt_decor_clamped, patterned_corridor
D:2:      layout_basic, shapermc_ecumenical_altar_gd,
          kennysheep_generic_room_13, uniq_terence, uniq_natasha

Skill      XL: |  1  2 |
---------------+-------+-----
Dodging        | 2 |  2.3
Unarmed Combat | 3 |  3.9
Transmutations | 2 |  2.0
Fighting       | |  1.0
Spellcasting   | |  2.2

Action                   || total
-------------------------++-------
Melee: Unarmed           ||    77
       Kick              ||    12
       Headbutt          ||     6
       Punch             ||     2
 Cast: Beastly Appendage ||    23
       Wereblood         ||     2
  Use: Potion            ||     1
 Stab: Sleeping          ||     1
Armor: Robe              ||    12
       Leather armour    ||     2
       Skin              ||     9
Dodge: Dodged            ||    63

Table legend: (Time is in decaauts)
 A = Elapsed time spent in this place.
 B = Non-inter-level travel time spent in this place.
 C = Inter-level travel time spent in this place.
 D = Time resting spent in this place.
 E = Time spent auto-exploring this place.
 F = Levels seen in this place.
 G = Mean time per level.
                   A        B        C        D        E       F      G
               +--------+--------+--------+--------+--------+-----+--------+
         Total |   1924 |   1778 |    146 |     40 |   1452 |   2 |  962.0 |
       Dungeon |   1924 |   1778 |    146 |     40 |   1452 |   2 |  962.0 |
               +--------+--------+--------+--------+--------+-----+--------+

Top non-repeatable levels by time:
     D:1: 1627 daAuts
     D:2: 296 daAuts
